AoeStats
← Fs.Black_

Arabia

504824490Analyzed
4v4 RM · 25d ago on Sep 6, 2026· 45m 3s· 8 players
Game mode
Random Map
Map size
Large (8 player)
Population
200
Speed
Normal
Resources
Standard
Victory
Conquest
Starting age
Dark Age
Ending age
Imperial Age
RankedLock teamsTeams togetherTeam positionsShared explorationLock speedFull tech treeHidden civsTurbo modeCheats
Victory
Defeat
🇧🇷 Britons · Brazil
1772
+12
🇨🇦 Maya · Canada
1754
+13
🇧🇷 Franks · Brazil
1730
+13
🇧🇷 Huns · Brazil
1713
+14
🇨🇴 Britons · Colombia
1846
-19
🇦🇷 Wei · Argentina
1806
-17
🇦🇷 Franks · Argentina
1554
-9
🇦🇷 Ethiopians · Argentina
1499
-7
XEVER | Monarca
4:42 Loom
9:07 Feudal Age
9:36 Double-Bit Axe
9:48 Double-Bit Axe
17:02 Scale Barding Armor
18:05 Forging
23:57 Wheelbarrow
27:09 Castle Age
27:23 Gold Mining
28:16 Chain Barding Armor
29:15 Husbandry
31:29 Iron Casting
XEVER | Dylan
2:37 Loom
9:18 Feudal Age
13:28 Fletching
25:41 Castle Age
25:01 Gold Mining
26:19 Bodkin Arrow
25:48 Crossbowman
27:42 Ballistics
27:24 Padded Archer Armor
29:05 Town Watch
29:36 Leather Archer Armor
31:39 Thumb Ring
VL Tou
6:39 Loom
8:42 Feudal Age
10:19 Double-Bit Axe
12:34 Fletching
22:05 Castle Age
20:39 Horse Collar
21:22 Gold Mining
22:11 Crossbowman
23:00 Bodkin Arrow
24:07 Bow Saw
27:57 Wheelbarrow
28:46 Padded Archer Armor
29:12 Ballistics
31:18 Leather Archer Armor
36:46 Gold Shaft Mining
40:45 Imperial Age
40:32 Hand Cart
40:22 Heavy Plow
41:38 Bracer
41:07 Arbalester
43:24 Chemistry
43:09 Yeomen
43:09 Conscription
VL Nahue05
5:58 Loom
8:18 Feudal Age
8:58 Double-Bit Axe
10:02 Horse Collar
15:36 Forging
17:18 Scale Barding Armor
18:41 Wheelbarrow
22:53 Castle Age
21:44 Bloodlines
21:26 Gold Mining
22:55 Light Cavalry
24:04 Bow Saw
24:38 Heavy Plow
28:21 Town Watch
29:46 Husbandry
30:55 Chain Barding Armor
36:01 Hand Cart
43:01 Imperial Age
44:21 Ming Guang Armor
Fs.Neras
8:27 Feudal Age
8:55 Double-Bit Axe
11:21 Loom
15:16 Scale Barding Armor
21:43 Castle Age
20:46 Forging
20:48 Gold Mining
22:52 Chain Barding Armor
22:51 Husbandry
41:57 Imperial Age
42:00 Cavalier
43:16 Plate Barding Armor
43:17 Iron Casting
44:00 Paladin
Fs.Black_
6:37 Loom
8:56 Feudal Age
9:31 Double-Bit Axe
9:52 Horse Collar
15:49 Scale Barding Armor
18:40 Wheelbarrow
19:01 Bloodlines
24:28 Castle Age
22:55 Gold Mining
24:31 Light Cavalry
25:23 Forging
25:33 Chain Barding Armor
27:56 Husbandry
35:09 Iron Casting
40:00 Bow Saw
44:13 Hand Cart
48:11 Imperial Age
Fs.BlinkAoE
0:26 Loom
8:52 Feudal Age
14:24 Fletching
24:36 Castle Age
23:30 Double-Bit Axe
25:14 Bodkin Arrow
24:40 Crossbowman
26:36 Ballistics
27:23 Padded Archer Armor
27:37 Bow Saw
29:26 Leather Archer Armor
29:20 Thumb Ring
30:36 Wheelbarrow
36:29 Town Watch
39:34 Imperial Age
37:22 Horse Collar
39:40 Arbalester
40:25 Bracer
41:28 Chemistry
43:16 Ring Archer Armor
45:36 Murder Holes
Fs.Nicolau Mendes
6:05 Loom
8:27 Feudal Age
13:53 Fletching
26:29 Castle Age
24:43 Double-Bit Axe
26:31 Crossbowman
27:07 Bodkin Arrow
28:32 Bow Saw
29:49 Ballistics
32:49 Wheelbarrow
38:52 Imperial Age
41:04 Chemistry
40:49 Bracer
42:51 Arbalester
44:43 Padded Archer Armor
Connection lost

Rejoining the realm…

Still unreachable

The connection could not be restored.

Session expired

The server has moved on; the page needs a fresh start.